AoeStats
← bumbsbomba74

Arabia

503268363Analyzed
1v1 RM · 1mo ago on Aug 30, 2026· 48m 58s· 2 players
Game mode
Random Map
Map size
Tiny (2 player)
Population
200
Speed
Normal
Resources
Standard
Victory
Conquest
Starting age
Dark Age
Ending age
Imperial Age
RankedLock teamsTeams togetherTeam positionsShared explorationLock speedFull tech treeHidden civsTurbo modeCheats
Victory
Defeat
🇩🇪 Japanese · Germany
1345
+15
🇨🇴 Maya · Colombia
1320
-15
Najubes
0:34 Loom
10:14 Feudal Age
10:46 Double-Bit Axe
10:42 Horse Collar
15:40 Town Watch
22:06 Castle Age
20:25 Gold Mining
22:14 Fletching
23:32 Bodkin Arrow
22:58 Crossbowman
34:08 Wheelbarrow
38:02 Imperial Age
37:19 Padded Archer Armor
37:26 Thumb Ring
38:32 Leather Archer Armor
38:46 Bow Saw
39:24 Elite Skirmisher
43:26 Bracer
44:53 Ballistics
45:05 Ring Archer Armor
45:21 Conscription
46:47 Chemistry
46:30 Hul'che Javelineers
46:29 Arbalester
47:39 Masonry
bumbsbomba74
6:37 Loom
8:58 Feudal Age
9:01 Man-at-Arms
9:44 Double-Bit Axe
15:59 Fletching
20:59 Castle Age
19:46 Gold Mining
19:37 Horse Collar
21:37 Bodkin Arrow
21:11 Crossbowman
23:05 Ballistics
24:47 Padded Archer Armor
30:05 Bow Saw
30:39 Guard Tower
38:02 Imperial Age
36:49 Wheelbarrow
37:19 Bloodlines
37:09 Husbandry
37:51 Thumb Ring
39:43 Chemistry
39:58 Two-Man Saw
39:03 Stone Mining
39:54 Gold Shaft Mining
41:43 Bracer
41:56 Scale Mail Armor
42:06 Forging
41:39 Long Swordsman
42:04 Gambesons
42:20 Squires
42:06 Arson
43:23 Keep
42:25 Two-Handed Swordsman
43:22 Chain Mail Armor
43:36 Hand Cart
43:33 Heavy Plow
45:19 Plate Mail Armor
45:18 Champion
46:35 Iron Casting
46:39 Bracer
47:35 Elite Skirmisher
48:57 Conscription
50:14 Blast Furnace
49:56 Kataparuto
49:56 Conscription
Connection lost

Rejoining the realm…

Still unreachable

The connection could not be restored.

Session expired

The server has moved on; the page needs a fresh start.